 Dungeon Crawl Stone Soup version 0.22-b1-26-g9dbaab1 (webtiles) character file.

6241 Gadfly the Protected (level 10, -3/93 HPs)
             Began as a Hill Orc Monk on Aug 7, 2018.
             Was a Priest of Beogh.
             Killed from afar by an electric eel (10 damage)
             ... with a bolt of electricity
             ... on level 9 of the Dungeon.
             The game lasted 00:24:11 (9495 turns).

Gadfly the Protected (Hill Orc Monk)                Turns: 9495, Time: 00:24:12

Health: -3/93      AC: 21    Str: 16    XL:     10   Next: 93%
Magic:  14/14      EV:  7    Int: 10    God:    Beogh [***...]
Gold:   276        SH:  0    Dex: 15    Spells: 7/9 levels left

rFire    + + .     SeeInvis .   o - +2 double sword (elec)
rCold    x . .     Gourm    .   (no shield)
rNeg     . . .     Faith    .   C - +0 plate armour (curse)
rPois    +         Spirit   .   i - +2 helmet
rElec    .         Reflect  .   m - +0 cloak
rCorr    .         Harm     .   q - +0 pair of gloves
MR       .....     Rnd*Tele +   (no boots)
Stlth    ..........             (no amulet)
HPRegen  0.25/turn              d - ring of protection from fire
MPRegen  0.14/turn              u - ring of fire

@: about to teleport
A: talons 1, poison resistance, screaming 1, teleportitis 1, MP-powered wands
a: Smiting, Renounce Religion


You were on level 9 of the Dungeon.
You worshipped Beogh.
Beogh was most pleased with you.
You were not hungry.

You visited 1 branch of the dungeon, and saw 9 of its levels.

You collected 506 gold pieces.
You spent 230 gold pieces at shops.

Inventory:

Hand Weapons
 g - a +0 hand axe of flaming
 o - a +2 double sword of electrocution (weapon)
 w - a +4 flail of holy wrath
Missiles
 x - 5 throwing nets (quivered)
Armour
 i - a +2 helmet (worn)
 m - a +0 cloak (worn)
 q - a +0 pair of gloves (worn)
 C - a cursed +0 plate armour (worn)
Jewellery
 d - a ring of protection from fire (left hand)
 u - a ring of fire (right hand)
Wands
 y - a wand of enslavement (13)
Scrolls
 b - a scroll of enchant armour
 e - 10 scrolls of identify
 j - a scroll of immolation
 k - a scroll of magic mapping
 l - 4 scrolls of blinking
 n - a scroll of amnesia
 p - 2 scrolls of teleportation
Potions
 r - a potion of lignification
 t - a potion of agility
 v - 2 potions of berserk rage
 z - a potion of haste
Comestibles
 c - 20 rations


   Skills:
 + Level 10.1 Fighting
 + Level 10.9 Axes
 + Level 11.5 Armour
 - Level 2.4 Dodging
 - Level 1.5 Stealth
 * Level 5.7 Invocations


You had 7 spell levels left.
You knew the following spells:

 Your Spells              Type           Power        Failure   Level  Hunger
a - Apportation           Tloc           #.....       100%        1    ##.....
b - Summon Small Mammal   Summ           #...         100%        1    ##.....

Your spell library contained the following spells:

 Spells                   Type           Power        Failure   Level  Hunger
 Magic Dart               Conj           #...         100%        1    ##.....
 Iskenderun's Mystic Bla  Conj           #.......     100%        4    #####..
 Animate Skeleton         Necr           N/A          100%        1    ##.....
 Spider Form              Tmut/Pois      #.........   100%        3    ####...
 Blade Hands              Tmut           #.........   100%        5    ######.
 Ice Form                 Ice/Tmut       #.......     100%        4    #####..
 Confusing Touch          Hex            #.....       100%        1    ##.....
 Sticks to Snakes         Tmut           #.......     100%        2    ###....
 Beastly Appendage        Tmut           #.....       100%        1    ##.....
 Fulminant Prism          Conj/Hex       #.........   100%        4    #####..
 Dazzling Spray           Conj/Hex       #.....       100%        3    ####...
 Force Lance              Conj/Tloc      #.......     100%        4    #####..
 Searing Ray              Conj           #.....       100%        2    ###....


Dungeon Overview and Level Annotations

Branches:
Dungeon (9/15)             Temple (0/1) D:7
   Lair: D:8-11         Orc: D:9-12

Altars:
Cheibriados
Hepliaklqana
Makhleb
Okawaru
Qazlal
Ru
Trog
Uskayaw
Xom
Yredelemnul

Shops:
D:5 [[:[   D:6 !


Innate Abilities, Weirdness & Mutations

You have sharp toenails.
Your system is resistant to poisons. (rPois)
You occasionally shout uncontrollably at your foes.
You are occasionally teleported next to monsters.
You expend magic power (3 MP) to strengthen your wands.


Message History

The bolt of electricity hits you!
* * * LOW HITPOINT WARNING * * *
The bolt of electricity hits the electric eel.
The electric eel completely resists.
The bolt of electricity hits the plant.
The electric eel shoots out a bolt of lightning at you!
The bolt of electricity hits the plant.
The bolt of electricity misses the electric eel.
The bolt of electricity misses you.
As you read the scroll of teleportation, it crumbles to dust.
You feel strangely unstable.
The electric eel shoots out a bolt of lightning at you!
The bolt of electricity hits the plant.
The bolt of electricity hits the electric eel.
The electric eel completely resists.
The bolt of electricity misses you.
The electric eel shoots out a bolt of lightning at you!
The bolt of electricity hits you!
* * * LOW HITPOINT WARNING * * *
The electric eel shoots out a bolt of lightning at you!
The bolt of electricity hits you!
You die...

≈≈≈≈≈≈≈≈≈♣≈.#
#.#.#
≈≈≈≈≈;≈≈P≈♣.#
#o#.#
≈≈≈≈≈≈≈≈≈PP(#
#o#.#
≈P≈≈≈≈P≈≈≈♣.#
#...#
≈≈≈≈≈≈≈≈P♣..#
#####
♣≈≈≈≈P≈P♣≈.#
≈≈≈≈≈≈P≈≈;W#
≈≈P≈≈PP≈P♣.#
≈P≈≈♣≈P♣♣.@#
P♣≈P≈≈♣≈≈.##
♣≈P≈♣≈≈###
♣≈≈P≈## #♣♣♣


You could see a phantom and an electric eel.

Vanquished Creatures
  Harold (D:8)
  Erica (D:8)
  Psyche (D:8)
  A spriggan (D:8)
  5 yaks (D:9)
  2 ice beasts
  4 necrophages
  A sky beast (D:8)
  4 ogres
  2 phantoms
  3 centaurs (D:7)
  A big kobold (D:8)
  5 bullfrogs
  3 scorpions
  13 killer bees
  A wight (D:8)
  An electric eel (D:9)
  4 crimson imps
  A centaur zombie (D:5)
  2 hounds
  3 orc wizards
  4 centaur skeletons
  Crazy Yiuf (D:5)
  2 iguanas
  A hound skeleton (D:9)
  A mummy (D:9)
  2 howler monkey zombies
  8 gnolls
  2 worker ant zombies
  7 adders
  3 shadow imps (D:5)
  An adder zombie (D:9)
  A worm (D:2)
  2 dart slugs
  7 leopard geckos
  21 orcs
  10 bats
  5 giant cockroaches
  7 goblins
  13 hobgoblins
  3 jackals
  5 quokkas
  3 ball pythons (D:2)
  A frilled lizard (D:1)
  A giant cockroach zombie (D:6)
  2 jackal skeletons
  12 kobolds
  A leopard gecko skeleton (D:6)
  A quokka skeleton (D:4)
  A quokka zombie (D:9)
  7 rats
194 creatures vanquished.

Vanquished Creatures (collateral kills)
  3 killer bees (D:9)
3 creatures vanquished.

Vanquished Creatures (others)
  An orc warrior (D:9)
  A water moccasin (D:9)
  2 orc priests
  An orc wizard (D:4)
  An orc (D:9)
  A kobold (D:2)
  A plant (D:9)
8 creatures vanquished.

Grand Total: 205 creatures vanquished

Notes
Turn   | Place    | Note
-------+----------+-------------------------------------------
     0 | D:1      | Gadfly the Hill Orc Monk began the quest for the Orb.
     0 | D:1      | Reached XP level 1. HP: 19/19 MP: 1/1
    85 | D:1      | Reached skill level 1 in Armour
    85 | D:1      | Reached XP level 2. HP: 24/27 MP: 2/2
   546 | D:1      | Reached XP level 3. HP: 32/33 MP: 3/3
   794 | D:1      | Reached skill level 2 in Armour
  1400 | D:2      | Learned a level 1 spell: Apportation
  1402 | D:2      | Learned a level 1 spell: Summon Small Mammal
  1598 | D:2      | Reached XP level 4. HP: 40/40 MP: 4/4
  1945 | D:2      | Reached skill level 3 in Armour
  2709 | D:3      | Reached skill level 5 in Axes
  2709 | D:3      | Reached XP level 5. HP: 35/47 MP: 5/5
  2921 | D:3      | Found a bloodstained altar of Trog.
  3588 | D:4      | Reached skill level 4 in Armour
  3640 | D:4      | Gained mutation: Your system is resistant to poisons. (rPois) [potion of mutation]
  3640 | D:4      | Gained mutation: You evolve. [potion of mutation]
  3640 | D:4      | Gained mutation: You are occasionally teleported next to monsters. [potion of mutation]
  3640 | D:4      | Gained mutation: Your natural rate of healing is unusually fast. [potion of mutation]
  3681 | D:4      | Reached XP level 6. HP: 39/55 MP: 6/6
  3687 | D:4      | Reached skill level 5 in Fighting
  3910 | D:4      | Noticed a phantom
  3946 | D:4      | Killed a phantom
  4119 | D:5      | Entered Level 5 of the Dungeon
  4139 | D:5      | Found a runed door.
  4143 | D:5      | Noticed Crazy Yiuf
  4227 | D:5      | Reached skill level 5 in Armour
  4274 | D:5      | Found Busu's Book Shoppe.
  4285 | D:5      | Found Vyckynk Kaor's Antique Armour Boutique.
  4286 | D:5      | Found a burning altar of Makhleb.
  4322 | D:5      | Reached XP level 7. HP: 42/62 MP: 7/7
  4369 | D:5      | Found Juinnoef's Antique Armour Emporium.
  4469 | D:5      | Found Talufecei's Antique Armour Emporium.
  4472 | D:5      | Bought a shiny helmet for 180 gold pieces
  4516 | D:5      | Reached skill level 6 in Armour
  4594 | D:5      | Killed Crazy Yiuf
  4751 | D:5      | Found a hazy altar of Hepliaklqana.
  5114 | D:6      | Found a stormy altar of Qazlal.
  5534 | D:6      | Found a basalt altar of Yredelemnul.
  5642 | D:6      | Found a radiant altar of Vehumet.
  5644 | D:6      | Found an iron altar of Okawaru.
  5644 | D:6      | Found a snail-covered altar of Cheibriados.
  5660 | D:6      | Reached XP level 8. HP: 70/70 MP: 8/8
  5665 | D:6      | Found a shimmering altar of Xom.
  5665 | D:6      | Found a sacrificial altar of Ru.
  5665 | D:6      | Found a shimmering altar of Xom.
  5738 | D:6      | Found Wallim's Distillery.
  5753 | D:6      | Bought a potion of berserk rage for 50 gold pieces
  6040 | D:7      | Reached skill level 7 in Armour
  6067 | D:7      | Found a staircase to the Ecumenical Temple.
  6397 | D:7      | Became a worshipper of Beogh the Brigand
  6397 | D:7      | Reached * piety under Beogh
  6397 | D:7      | Reached ** piety under Beogh
  6404 | D:7      | Reached skill level 8 in Armour
  6555 | D:7      | Identified a scroll of acquirement
  6864 | D:8      | Found a hide-covered altar of Uskayaw.
  6867 | D:8      | Noticed a hand axe
  6867 | D:8      | Noticed a dagger
  6948 | D:8      | Reached XP level 9. HP: 76/79 MP: 9/9
  7072 | D:8      | Reached skill level 9 in Armour
  7341 | D:8      | Noticed Harold
  7351 | D:8      | Killed Harold
  7450 | D:8      | Reached skill level 10 in Armour
  7453 | D:8      | Noticed Erica
  7467 | D:8      | Killed Erica
  7467 | D:8      | Reached XP level 10. HP: 46/91 MP: 10/10
  7568 | D:8      | Lost mutation: You evolve. [potion of mutation]
  7568 | D:8      | Lost mutation: Your natural rate of healing is unusually fast. [potion of mutation]
  7568 | D:8      | Gained mutation: You have sharp toenails. [potion of mutation]
  7568 | D:8      | Gained mutation: You occasionally shout uncontrollably at your foes. [potion of mutation]
  7568 | D:8      | Gained mutation: You expend magic power (3 MP) to strengthen your wands. [potion of mutation]
  7618 | D:8      | Reached skill level 10 in Axes
  7991 | D:8      | Noticed Psyche
  8000 | D:8      | Killed Psyche
  8000 | D:8      | Reached skill level 11 in Armour
  8417 | D:8      | Reached skill level 1 in Invocations
  8905 | D:9      | Reached *** piety under Beogh
  9350 | D:9      | Reached skill level 10 in Fighting
  9350 | D:9      | Reached skill level 5 in Invocations
  9495 | D:9      | Killed from afar by an electric eel

Skill      XL: |  1  2  3  4  5  6  7  8  9 10 |
---------------+-------------------------------+-----
Armour         | 1 2 3 4 5 6 8 10 11 | 11.5
Fighting       | 4 5 6 7 9 10 | 10.1
Axes           | 5 6 8 9 10 | 10.9
Invocations    | 5 |  5.7
Dodging        | |  2.4
Stealth        | |  1.5

Action                   |  1- 3 |  4- 6 |  7- 9 | 10-12 || total
-------------------------+-------+-------+-------+-------++-------
Melee: Hand axe          |   119 |   281 |   231 |       ||   631
       Double sword      |       |       |    84 |   149 ||   233
       Kick              |       |       |       |    51 ||    51
 Cast: Summon Small Mamm |       |     1 |       |       ||     1
Invok: Convert to Beogh  |       |       |     1 |       ||     1
  Use: Scroll            |     3 |     8 |     2 |     3 ||    16
       Potion            |       |    10 |     3 |     4 ||    17
 Stab: Sleeping          |     6 |       |       |       ||     6
       Invisible         |       |       |     1 |       ||     1
  Eat: Chunk             |     2 |     9 |    11 |     7 ||    29
Armor: Robe              |    28 |    22 |       |       ||    50
       Ring mail         |       |    37 |       |       ||    37
       Scale mail        |       |    23 |    22 |       ||    45
       Chain mail        |       |       |   150 |   126 ||   276
       Skin              |       |       |    30 |       ||    30
       Plate armour      |       |       |       |    66 ||    66
Dodge: Dodged            |    87 |   140 |   138 |   100 ||   465
       Rpst.: Double sword |       |       |    13 |    33 ||    46
